 Dungeon Crawl Stone Soup version 0.20-a0-949-g916514f (webtiles) character file.

183 M4edhros the Poker (level 5, -12/48 HPs)
             Began as an Ogre Chaos Knight on Apr 3, 2017.
             Blown up by a great orb of eyes (28 damage)
             ... with a disintegration bolt
             ... on level 2 of the Dungeon.
             The game lasted 00:05:06 (10886 turns).

M4edhros the Poker (Ogre Chaos Knight)             Turns: 10886, Time: 00:05:08

Health: -12/48     AC:  5    Str: 10 (12) XL:     5   Next: 62%
Magic:  5/5        EV: 10    Int: 15      God:    Xom [....*.]
Gold:   96         SH:  0    Dex:  8 (9)  Spells: 4/4 levels left

rFire    . . .     SeeInvis .   a - +0 spear (chaos)
rCold    . . .     Gourm    +   (no shield)
rNeg     + . .     Faith    .   b - +2 robe
rPois    .         Spirit   .   (helmet restricted)
rElec    .         Reflect  .   (no cloak)
rCorr    .         Harm     .   (gloves unavailable)
MR       +....                  (boots unavailable)
Stlth    +.........             d - amulet of the gourmand
Regen    0.2/turn               m - ring of positive energy
MPRegen  0.1/turn               (no ring)

@: no status effects
A: unfitting armour, blurry vision 1, clever 1, deterioration 1, frail 1, magic
resistance 1, mutation resistance 1, tough skin 1, weak 2
a: Renounce Religion


You were on level 2 of the Dungeon.
You worshipped Xom.
You were a beloved toy of Xom.
You were completely stuffed.

You visited 1 branch of the dungeon, and saw 3 of its levels.

You collected 96 gold pieces.

Inventory:

Hand Weapons
 a - a +0 spear of chaos (weapon)
Armour
 b - a +2 robe (worn)
Jewellery
 d - an amulet of the gourmand (around neck)
 m - a ring of positive energy (left hand)
Scrolls
 e - a scroll of magic mapping {unknown}
 g - 2 scrolls of immolation {unknown}
 h - 2 scrolls of identify {unknown}
 i - a scroll of fog {unknown}
 o - a scroll of remove curse {unknown}
Potions
 k - 2 potions of berserk rage {unknown}
 l - a potion of might {unknown}
Comestibles
 c - a bread ration
 f - 2 meat rations


   Skills:
 - Level 4.0 Fighting
 + Level 6.1 Polearms
 - Level 2.1 Dodging


You had 4 spell levels left.
You didn't know any spells.

Dungeon Overview and Level Annotations

Branches:
Dungeon (3/15)

Altars:


Innate Abilities, Weirdness & Mutations

You are too large for most types of armour.
You have tough skin. (AC +1)
Scrolls take you a little longer to read.
Your mind is acute. (Int +2)
Your body sometimes deteriorates upon taking damage.
You are frail. (-10% HP)
You are resistant to hostile enchantments. (MR+)
You are somewhat resistant to further mutation.
You are very weak. (Str -4)


Message History

You hit the great orb of eyes.
The great orb of eyes is heavily wounded.
You hit the great orb of eyes but do no damage.
The great orb of eyes is heavily wounded.
The great orb of eyes gazes at you. You resist with some effort.
You barely miss the great orb of eyes.
The great orb of eyes is heavily wounded.
The great orb of eyes bites you!
You hit the great orb of eyes but do no damage.
The great orb of eyes is heavily wounded.
The great orb of eyes gazes at you. You resist with some effort.
You hit the great orb of eyes.
The great orb of eyes is heavily wounded.
The great orb of eyes gazes at you.
You are blasted!
Ouch! That really hurt!
You die...
Xom laughs nastily!

.#.# #......##......# #.#.# ...#
#......##.....(####.#.#
.#.#######......##...........#.#
.#.#.....#.....)##......######.##
................'................
.........#......####.#.#########.
...#.#.#.####...# #.#...........
####.########..G####.#...........
...^.)..........@................
##.#######.##...####.#.#########.
#.# #.##...# #.#.#########.
##.##### #.##...## #.#...........
......[# #.##....###.###########.
.......# #.##.....##.......(.###.
.......# #.######.##########.....
.......###.#.#.#...#.#.# ####..
...........##.#..#..#.## #..


You could see a great orb of eyes.

Vanquished Creatures
  Natasha (D:3)
  A gnoll (D:3)
  4 adders
  2 oozes
  2 worms (D:2)
  4 dart slugs
  4 leopard geckos (D:2)
  7 giant cockroaches
  A giant cockroach (shapeshifter) (D:2)
  6 hobgoblins
  A jackal (D:2)
  A quokka (D:2)
  2 ball pythons
  19 bats
  6 frilled lizards
  12 goblins
  4 kobolds
  12 rats
89 creatures vanquished.

Vanquished Creatures (others)
  A hobgoblin (D:2)
1 creature vanquished.

Grand Total: 90 creatures vanquished

Notes
Turn   | Place    | Note
-------+----------+-------------------------------------------
     0 | D:1      | M4edhros the Ogre Chaos Knight began the quest for the Orb.
     0 | D:1      | Reached XP level 1. HP: 24/24 MP: 1/1
    29 | D:1      | XOM: silly message
   141 | D:1      | XOM: noise
   191 | D:1      | Reached XP level 2. HP: 32/32 MP: 2/2
   287 | D:1      | XOM: divination: magic mapping
   401 | D:2      | Gained mutation: You are clumsy. (Dex -2) [mutagenic meat]
   402 | D:2      | Gained mutation: Your mind is acute. (Int +2) [mutagenic meat]
   403 | D:2      | Gained mutation: You are partially covered in molten scales. (AC +2) [mutagenic meat]
   433 | D:2      | Reached skill level 4 in Polearms
   471 | D:2      | Reached XP level 3. HP: 38/39 MP: 3/3
  1519 | D:1      | XOM: medium Tloc miscast
  1520 | D:1      | Noticed a spatial vortex
  2259 | D:1      | XOM: mild Air miscast
  2375 | D:1      | XOM: medium Conj miscast
  2438 | D:1      | XOM: mild Tloc miscast
  2914 | D:1      | XOM: harmless Tmut miscast
  3174 | D:1      | XOM: harmless Fire miscast
  3409 | D:1      | XOM: summons 1 hostile demon
  3448 | D:2      | XOM: 4-stop teleportation journey
  3696 | D:2      | Reached XP level 4. HP: 40/48 MP: 4/4
  4368 | D:1      | XOM: harmless Hex miscast
  5652 | D:1      | XOM: give mutations
  5652 | D:1      | Gained mutation: You occasionally shout uncontrollably at your foes. [Xom's mischief]
  5652 | D:1      | Gained mutation: Your body sometimes deteriorates upon taking damage. [Xom's mischief]
  5652 | D:1      | Gained mutation: You are weak. (Str -2) [Xom's mischief]
  5652 | D:1      | Lost mutation: You are partially covered in molten scales. (AC +2) [Xom's mischief]
  5809 | D:1      | XOM is BORED!
  5809 | D:1      | XOM: medium Hex miscast
  6537 | D:2      | Reached skill level 5 in Polearms
  6717 | D:2      | XOM: fog
  6739 | D:2      | XOM: give mutations
  6739 | D:2      | Lost mutation: You are clumsy. (Dex -2) [Xom's mischief]
  6739 | D:2      | Lost mutation: You occasionally shout uncontrollably at your foes. [Xom's mischief]
  6739 | D:2      | Gained mutation: You are frail. (-10% HP) [Xom's mischief]
  6962 | D:3      | XOM: polymorph kobold -> gnoll
  7047 | D:3      | Reached XP level 5. HP: 46/48 MP: 5/5
  7053 | D:3      | XOM: harmless Chrm miscast
  7128 | D:3      | Noticed Natasha
  7133 | D:3      | Killed Natasha
  7557 | D:2      | XOM: harmless Summ miscast
  8227 | D:2      | XOM: medium Fire miscast
  8335 | D:2      | XOM: mild Pois miscast
  8405 | D:2      | XOM: mild Erth miscast
  8518 | D:2      | XOM: give mutations
  8518 | D:2      | Gained mutation: Your body often deteriorates upon taking damage. [Xom's mischief]
  8518 | D:2      | Gained mutation: You are very weak. (Str -4) [Xom's mischief]
  8734 | D:2      | XOM: summons 2 hostile demons
  9235 | D:2      | XOM: polymorph adder -> ball python
  9349 | D:2      | XOM is BORED!
  9349 | D:2      | XOM: stat loss: -2 Str (10/12)
  9372 | D:2      | XOM: give mutation
  9372 | D:2      | Gained mutation: You are somewhat resistant to further mutation. [Xom's grace]
  9436 | D:2      | Reached skill level 6 in Polearms
  9759 | D:2      | XOM: give mutations
  9759 | D:2      | Gained mutation: Scrolls take you a little longer to read. [Xom's mischief]
  9759 | D:2      | Gained mutation: You are resistant to hostile enchantments. (MR+) [Xom's mischief]
  9759 | D:2      | Lost mutation: Your body often deteriorates upon taking damage. [Xom's mischief]
 10708 | D:2      | XOM: harmless Erth miscast
 10817 | D:2      | Noticed a great orb of eyes
 10830 | D:2      | XOM: divine lightning
 10834 | D:2      | XOM: butterfly on damage
 10886 | D:2      | Blown up by a great orb of eyes

Vault maps used:
D:1:      dpeg_arrival_subterranean_lakeside_camping
D:2:      minmay_diamond_boxcup
D:3:      serial_bayou, serial_bayou_shore_b, serial_bayou_pond_d,
          serial_bayou_shore_b, serial_bayou_lake_a,
          chequers_ecumenical_altar_simple_redux, uniq_natasha

Skill      XL: |  1  2  3  4  5 |
---------------+----------------+-----
Polearms       | 4 5 6 |  6.1
Fighting       | |  4.0
Dodging        | |  2.1

Action                   |  1- 3 |  4- 6 || total
-------------------------+-------+-------++-------
Melee: Spear             |   118 |   215 ||   333
  Use: Potion            |       |     1 ||     1
 Stab: Sleeping          |     4 |     1 ||     5
       Paralysed         |     1 |       ||     1
       Confused          |       |     1 ||     1
  Eat: Chunk             |    25 |    26 ||    51
Armor: Robe              |    28 |    57 ||    85
Dodge: Dodged            |    44 |    72 ||   116
